 Dungeon Sprint DCSS version 0.21.2 (webtiles) character file.

10000000 Fang the Middleweight Champion (level 27, -8/273 HPs)
             Began as a Pale Draconian Transmuter on Oct 2, 2018.
             Was the Champion of Makhleb.
             Mangled by an accursed (25 damage)
             ... in the Dungeon (Sprint VIII: "Arena of Blood").
             The game lasted 00:01:47 (100 turns).

Fang the Middleweight Champion (DrTm)                Turns: 100, Time: 00:01:48

Health: -8/273     AC: 13    Str: 22    XL:     27
Magic:  28/54      EV: 30    Int: 16    God:    Makhleb [******]
Gold:   0          SH:  0    Dex: 13    Spells: 79/80 levels left

rFire    . . .     SeeInvis .   j - +โˆž Axe of Woe
rCold    . . .     Gourm    .   (shield currently unavailable)
rNeg     . . .     Faith    .   (armour unavailable)
rPois    .         Spirit   .   (helmet restricted)
rElec    .         Reflect  .   (no cloak)
rCorr    .         Harm     .   (no gloves)
MR       ++...     NoTele   +   (no boots)
Stlth    +++++++++.             (no amulet)
HPRegen  0.55/turn              (no ring)
MPRegen  0.34/turn              (no ring)

@: no status effects
A: breathe steam, unfitting armour, cold-blooded, AC +13
a: Breathe Steam, Minor Destruction, Lesser Servant of Makhleb, Major
Destruction, Greater Servant of Makhleb, Renounce Religion


You were in the Dungeon.
You worshipped Makhleb.
Makhleb was exalted by your worship.
You were not hungry.

You visited 1 branch

Inventory:

Hand Weapons
 j - the +โˆž Axe of Woe (weapon)
   (You found it in the Dungeon)
Missiles
 a - 12 arrows
Scrolls
 i - a scroll of blinking
Potions
 d - a potion of curing
 e - a potion of heal wounds
 f - a potion of haste
 g - 2 potions of magic
 h - a potion of berserk rage
Books
 b - a book of Changes

   Spells                             Type                      Level
   a - Beastly Appendage              Transmutation                1
   b - Sticks to Snakes               Transmutation                2
   c - Spider Form                    Transmutation/Poison         3
   d - Ice Form                       Ice/Transmutation            4
   e - Blade Hands                    Transmutation                5
Comestibles
 c - a ration


   Skills:
 O Level 27 Fighting
 O Level 27 Axes
 O Level 27 Throwing
 O Level 27 Dodging
 O Level 27 Stealth
 O Level 27 Unarmed Combat
 O Level 27 Spellcasting
 O Level 27 Transmutations
 O Level 27 Invocations


You had 79 spell levels left.
You knew the following spells:

 Your Spells              Type           Power        Failure   Level  Hunger
a - Beastly Appendage     Tmut           ######       0%          1    None


Dungeon Overview and Level Annotations

Branches:
Dungeon (1/1)

Altars:
Makhleb


Innate Abilities, Weirdness & Mutations

You can breathe blasts of scalding, opaque steam.
Your pale cyan-grey scales are hard. (AC +13)
You cannot fit into any form of body armour.
You are cold-blooded and may be slowed by cold attacks.


Message History

You hear a shout! x2
The eight-headed meat hydra calls on the powers of darkness!
The eight-headed meat hydra convulses!
The bag of meat convulses! x2
The large bag of meat convulses!
The bag of meat convulses!
Your body is wracked with pain!
* * * LOW HITPOINT WARNING * * *
You hear a shout! x2
The meat beast bites you but does no damage.
The meat beast tramples you but does no damage.
A meat beast comes into view.
Things that are here:
a +9 great sword of slicing; a +200 ring of slaying The meat beast bites you.
* * * LOW HITPOINT WARNING * * *
The meat beast tramples you!
* * * LOW HITPOINT WARNING * * *
You hold your ground!
You hear a shout! x4
The accursed hits you!!
You die...

..###.%. 2..###DW....
.%%....###.%.....o...
....%..)_...%..%.....
#.))).#.O.o...#. .
#_%<)_#..)....O.
....#%))))#o{....#.#
#.......)_))).))......
.....%..###))2))....#.
...###.X..{L@###......
.. #.X.D..M# ......


#..LXXXM# ...ยง.. .X..X.... .o..V ...X.X..... #...# .......... ...# .........#
........#. You could see 2 accurseds, 3 tentacled monstrosities, a meat beast, 2
tyrants, an eight-headed meat hydra, a large bag of meat (inner flame), 6 large
abominations and 3 bags of meat.

Vanquished Creatures
  4 hell beasts (D)
  A greater mummy (D)
  Harold (D)
  13 vampire knights (D)
  27 ogres (D)
  7 two-headed ogres (D)
  A lich (D)
  A hydra (D)
  35 orcs (D)
  6 phantoms (D)
  4 skeletal warriors (D)
  3 large abominations (D)
  4 small abominations (D)
  4 crawling corpses (D)
111 creatures vanquished.

Vanquished Creatures (others)
  5 crawling corpses (D)
5 creatures vanquished.

Grand Total: 116 creatures vanquished

Notes
Turn   | Place    | Note
-------+----------+-------------------------------------------
     0 | D        | Found the +โˆž Axe of Woe
     0 | D        | Fang the Draconian Transmuter began the quest for the Orb.
     0 | D        | Reached XP level 1. HP: 16/16 MP: 3/3
     3 | D        | Noticed a bag of meat
     3 | D        | Noticed a bag of meat
     4 | D        | Became a worshipper of Makhleb the Destroyer
     5 | D        | Noticed a bag of meat
     6 | D        | Noticed a meat berserker
     6 | D        | Noticed a meat berserker
     7 | D        | Noticed a bag of meat
     9 | D        | Noticed a bag of meat
     9 | D        | Killed a meat berserker
     9 | D        | Reached XP level 2. HP: 23/23 MP: 3/16
     9 | D        | Reached XP level 3. HP: 28/28 MP: 3/18
     9 | D        | Reached XP level 4. HP: 35/35 MP: 3/19
     9 | D        | Reached XP level 5. HP: 40/40 MP: 3/21
     9 | D        | Reached XP level 6. HP: 47/47 MP: 3/22
     9 | D        | Your scales start taking on a pale cyan-grey colour.
     9 | D        | Reached XP level 7. HP: 52/52 MP: 3/24
     9 | D        | Reached XP level 8. HP: 59/59 MP: 3/25
     9 | D        | Reached XP level 9. HP: 64/64 MP: 3/26
     9 | D        | Reached XP level 10. HP: 71/71 MP: 3/27
     9 | D        | Reached XP level 11. HP: 77/77 MP: 3/28
     9 | D        | Reached XP level 12. HP: 83/83 MP: 3/29
     9 | D        | Reached XP level 13. HP: 89/89 MP: 3/30
    10 | D        | Killed a bag of meat
    10 | D        | Reached * piety under Makhleb
    10 | D        | Killed a bag of meat
    10 | D        | Reached skill level 15 in Spellcasting
    10 | D        | Reached XP level 14. HP: 57/97 MP: 3/33
    10 | D        | Killed a bag of meat
    10 | D        | Reached skill level 15 in Transmutations
    10 | D        | Killed a meat berserker
    10 | D        | Reached ** piety under Makhleb
    10 | D        | Reached skill level 27 in Unarmed Combat
    10 | D        | Reached XP level 15. HP: 64/110 MP: 3/37
    12 | D        | Noticed a meat berserker
    12 | D        | Reached skill level 5 in Fighting
    13 | D        | Reached skill level 15 in Axes
    13 | D        | Reached XP level 16. HP: 120/122 MP: 4/40
    15 | D        | Killed a meat berserker
    15 | D        | Reached *** piety under Makhleb
    16 | D        | Noticed a meat berserker
    16 | D        | Noticed a meat berserker
    17 | D        | Noticed a meat berserker
    17 | D        | Noticed a meat berserker
    18 | D        | Reached XP level 17. HP: 134/134 MP: 6/43
    19 | D        | Noticed a large bag of meat
    20 | D        | Killed a meat berserker
    20 | D        | Killed a meat berserker
    20 | D        | Reached **** piety under Makhleb
    20 | D        | Reached skill level 10 in Fighting
    20 | D        | Reached XP level 18. HP: 149/149 MP: 6/47
    21 | D        | Noticed a meat berserker
    21 | D        | Killed a meat berserker
    21 | D        | Killed a meat berserker
    21 | D        | Reached skill level 27 in Axes
    21 | D        | Reached skill level 27 in Spellcasting
    21 | D        | Reached XP level 19. HP: 168/168 MP: 6/50
    22 | D        | Noticed a meat berserker
    22 | D        | Noticed a large bag of meat
    23 | D        | Noticed a meat berserker
    23 | D        | Reached ***** piety under Makhleb
    23 | D        | Reached skill level 27 in Dodging
    23 | D        | Reached skill level 27 in Transmutations
    25 | D        | Noticed a destroyer
    25 | D        | Noticed a meat berserker
    26 | D        | Noticed a large bag of meat
    26 | D        | Killed a meat berserker
    26 | D        | Reached skill level 27 in Fighting
    26 | D        | Reached XP level 20. HP: 216/216 MP: 8/51
    27 | D        | Noticed a meat berserker
    27 | D        | Killed a meat berserker
    27 | D        | Reached skill level 15 in Stealth
    28 | D        | Noticed a meat berserker
    28 | D        | Killed a destroyer
    29 | D        | Noticed The Servant
    29 | D        | Killed a large bag of meat
    29 | D        | Reached XP level 21. HP: 187/224 MP: 8/52
    30 | D        | Noticed a large bag of meat
    30 | D        | Reached ****** piety under Makhleb
    31 | D        | Noticed a large bag of meat
    31 | D        | Noticed a destroyer
    32 | D        | Reached skill level 27 in Invocations
    32 | D        | Reached XP level 22. HP: 195/233 MP: 9/53
    32 | D        | Reached skill level 27 in Throwing
    32 | D        | Reached skill level 27 in Stealth
    33 | D        | Reached XP level 23. HP: 240/240 MP: 9/54
    35 | D        | Killed a large bag of meat
    35 | D        | Killed a large bag of meat
    35 | D        | Killed a large bag of meat
    35 | D        | Reached XP level 24. HP: 237/249 MP: 10/54
    35 | D        | Killed a destroyer
    38 | D        | Noticed a destroyer
    39 | D        | Killed a large bag of meat
    39 | D        | Killed The Servant
    39 | D        | Reached XP level 25. HP: 103/257 MP: 11/54
    41 | D        | Noticed a destroyer
    41 | D        | Killed a destroyer
    42 | D        | Noticed a destroyer
    43 | D        | Noticed a destroyer
    43 | D        | Reached XP level 26. HP: 254/266 MP: 12/54
    45 | D        | Noticed a large bag of meat
    51 | D        | Reached XP level 27. HP: 273/273 MP: 14/54
    53 | D        | Killed a destroyer
    53 | D        | Killed a destroyer
    53 | D        | Killed a large bag of meat
    54 | D        | Noticed a destroyer
    55 | D        | Noticed a large bag of meat
    56 | D        | Killed a large bag of meat
    58 | D        | Killed a destroyer
    60 | D        | Noticed a meat beast
    60 | D        | Killed a destroyer
    61 | D        | Noticed an accursed
    63 | D        | Noticed a destroyer
    65 | D        | Killed an accursed
    65 | D        | Killed a meat beast
    66 | D        | Noticed a meat beast
    66 | D        | Killed a destroyer
    67 | D        | Killed a meat beast
    68 | D        | Noticed a destroyer
    68 | D        | Noticed a destroyer
    70 | D        | Noticed a tyrant
    71 | D        | Killed a destroyer
    73 | D        | Noticed a destroyer
    76 | D        | Noticed a destroyer
    77 | D        | Killed a destroyer
    78 | D        | Killed a destroyer
    79 | D        | Noticed a meat beast
    81 | D        | Killed a meat beast
    82 | D        | Noticed a tyrant
    83 | D        | Noticed a destroyer
    85 | D        | Noticed a destroyer
    91 | D        | Noticed a destroyer
    92 | D        | Noticed a meat beast
    92 | D        | Killed a destroyer
    94 | D        | Noticed an accursed
    94 | D        | Killed a tyrant
    95 | D        | Noticed a large bag of meat
    95 | D        | Noticed a meat beast
    95 | D        | Killed a destroyer
    96 | D        | Noticed a dread
    96 | D        | Noticed an accursed
    96 | D        | Killed a meat beast
    97 | D        | Noticed a tyrant
    99 | D        | Noticed a large bag of meat
   100 | D        | Noticed a meat beast
   100 | D        | Mangled by an accursed

Skill      XL: |  1  2  3  4  5  6  7  8  9 10 11 12 13 14 15 16 17 18 19 20 21 22 |
---------------+-------------------------------------------------------------------+-----
Axes           | 6 8 13 15 19 23 27 | 27.0
Dodging        | 12 14 17 18 21 23 26 27 | 27.0
Unarmed Combat | 22 25 27 | 27.0
Spellcasting   | 13 15 18 20 22 25 27 | 27.0
Transmutations | 12 14 17 19 21 24 26 27 | 27.0
Fighting       | 4 5 8 10 14 27 | 27.0
Throwing       | 20 25 27 | 27.0
Stealth        | 21 26 27 | 27.0
Invocations    | 23 27 | 27.0

Action                   |  1- 3 |  4- 6 |  7- 9 | 10-12 | 13-15 | 16-18 | 19-21 | 22-24 | 25-27 || total
-------------------------+-------+-------+-------+-------+-------+-------+-------+-------+-------++-------
Melee: Executioner's axe |     1 |       |       |       |     3 |     4 |     8 |     4 |    42 ||    62
 Abil: Breathe Steam     |       |       |       |       |     1 |       |       |     1 |       ||     2
Armor: Skin              |       |       |       |       |       |       |       |       |     6 ||     6
Dodge: Dodged            |       |       |       |       |       |     1 |     1 |     3 |     7 ||    12
